 Dungeon Crawl Stone Soup version 0.21-a0-414-gba8bdf1 (webtiles) character file.

2922 Laiders the Bludgeoner (level 9, -3/70 HPs)
             Began as a Minotaur Berserker on Nov 2, 2017.
             Was an Elder of Trog.
             Slain by a manticore (16 damage)
             ... on level 6 of the Dungeon.
             The game lasted 00:17:11 (4999 turns).

Laiders the Bludgeoner (Minotaur Berserker)         Turns: 4999, Time: 00:17:12

Health: -3/70      AC: 14    Str: 22 (24) XL:     9   Next: 50%
Magic:  8/8        EV:  6    Int:  3 (5)  God:    Trog [****..]
Gold:   236        SH:  2    Dex:  9 (10) Spells: 8/8 levels left

rFire    . . .     SeeInvis .   z - +1 morningstar (venom)
rCold    . . .     Gourm    .   r - +0 buckler (curse)
rNeg     . . .     Faith    .   B - +1 plate armour
rPois    .         Spirit   .   m - +2 hat
rElec    .         Reflect  .   (no cloak)
rCorr    .         Harm     .   (no gloves)
MR       .....                  (no boots)
Stlth    ..........             (no amulet)
HPRegen  0.21/turn              (no ring)
MPRegen  0.11/turn              (no ring)

@: barbed spikes
A: retaliatory headbutt, horns 2
a: Berserk, Trog's Hand, Brothers in Arms, Burn Spellbooks, Renounce Religion


You were on level 6 of the Dungeon.
You worshipped Trog.
Trog was greatly pleased with you.
You were not hungry.

You visited 1 branch of the dungeon, and saw 6 of its levels.

You collected 236 gold pieces.

Inventory:

Hand Weapons
 z - a +1 morningstar of venom (weapon)
Armour
 m - a +2 hat (worn)
 r - a cursed +0 buckler (worn)
 B - a +1 plate armour (worn)
Wands
 x - a wand of flame (48/48)
Scrolls
 a - a scroll of enchant weapon {unknown}
 e - a scroll of amnesia {unknown}
 g - 4 scrolls of teleportation
 j - 3 scrolls of remove curse
 k - 2 scrolls of magic mapping
 l - a scroll of immolation {unknown}
 s - a scroll of fog {unknown}
 t - 2 scrolls of fear
 y - 2 scrolls of recharging
 A - 3 scrolls of identify
Potions
 b - 3 potions of curing
 d - a potion of berserk rage
 n - 2 potions of haste
 o - a potion of cancellation
 p - 4 potions of might
 u - a potion of lignification
Comestibles
 c - 3 bread rations
 f - a meat ration
 v - 4 royal jellies
 w - 7 fruits


   Skills:
 - Level 3.6 Fighting
 + Level 15.2 Maces & Flails
 - Level 2.4 Armour
 - Level 2.1 Dodging


You had 8 spell levels left.
You didn't know any spells.

Dungeon Overview and Level Annotations

Branches:
Dungeon (6/15)             Temple (0/1) D:4

Altars:
Dithmenos
Hepliaklqana
Kikubaaqudgha
Makhleb
Qazlal
Uskayaw
Zin


Innate Abilities, Weirdness & Mutations

You reflexively headbutt those who attack you in melee.
You have a pair of horns on your head.


Message History

The manticore bites you.
* * * LOW HITPOINT WARNING * * *
The manticore claws you.
* * * LOW HITPOINT WARNING * * *
The manticore claws you but does no damage.
The crimson imp shouts, "Give up, thou obnoxious weevil-witted coxcomb!"
The crimson imp hits you but does no damage.
You barely miss the manticore.
The manticore is lightly wounded.
The manticore bites you but does no damage.
The manticore claws you.
* * * LOW HITPOINT WARNING * * *
The manticore claws you.
* * * LOW HITPOINT WARNING * * *
The crimson imp hits you but does no damage.
It was a potion of degeneration.
There was something very wrong with that liquid.
You feel weakened.
You feel dopey.
You feel clumsy. The manticore bites you!
You die...

##################
.#.....#.....#$?)#
.#.....#.....#.|.#
.#..#..#..#..#$5H#
.#..#..#..#..###@#
....#.....#......#
....#.....#......#
#################### #+# ###
...................#####.# ..#
.......................#.# ...#
######################.#.##...##
....#.....#......#####††........
....#.....#......#..............


You could see a manticore and a crimson imp.

Vanquished Creatures
  Pikel (D:6)
  Grinder (D:3)
  Eustachio (D:5)
  2 orc warriors (D:6)
  A slave (D:6)
  3 ice beasts (D:6)
  2 sky beasts (D:6)
  2 ogres (D:6)
  The ghost of grizmgrazm2 the Digger, an amateur GrEE of Hepliaklqana (D:3)
  A bullfrog (D:6)
  A water moccasin skeleton (D:5)
  3 scorpions
  4 killer bees (D:6)
  3 wights (D:6)
  2 howler monkeys
  A centaur zombie (D:3)
  A bullfrog zombie (D:6)
  A hound (D:6)
  3 orc priests
  3 orc wizards
  A bullfrog skeleton (D:5)
  A gnoll shaman (D:6)
  An iguana (D:6)
  2 worker ants (D:4)
  A hound zombie (D:6)
  7 gnolls
  11 adders
  A shadow imp (D:6)
  An ooze (D:6)
  An adder skeleton (D:6)
  2 worms
  2 dart slugs (D:1)
  7 leopard geckos
  18 orcs
  7 giant cockroaches
  8 goblins
  9 hobgoblins
  6 kobolds
  2 quokkas
  2 ball pythons
  8 bats
  A quokka skeleton (D:5)
  7 rats
143 creatures vanquished.

Vanquished Creatures (others)
  3 slaves (D:6)
3 creatures vanquished.

Grand Total: 146 creatures vanquished

Notes
Turn   | Place    | Note
-------+----------+-------------------------------------------
     0 | D:1      | Laiders the Minotaur Berserker began the quest for the Orb.
     0 | D:1      | Reached XP level 1. HP: 19/19 MP: 0/0
    51 | D:1      | Reached skill level 4 in Maces & Flails
   175 | D:1      | Reached XP level 2. HP: 26/26 MP: 1/1
   545 | D:1      | Reached skill level 5 in Maces & Flails
   868 | D:2      | Reached XP level 3. HP: 31/31 MP: 2/2
   900 | D:2      | Reached ** piety under Trog
   923 | D:2      | Reached skill level 6 in Maces & Flails
   923 | D:2      | Reached XP level 4. HP: 39/39 MP: 3/3
  1729 | D:3      | Reached XP level 5. HP: 42/45 MP: 4/4
  1761 | D:3      | Reached skill level 7 in Maces & Flails
  1912 | D:3      | Noticed a fire elemental
  1914 | D:3      | Found a stormy altar of Qazlal.
  1915 | D:3      | Noticed an air elemental
  1915 | D:3      | Noticed a water elemental
  2001 | D:3      | Found a burning altar of Makhleb.
  2050 | D:3      | Noticed grizmgrazm2's ghost (amateur GrEE)
  2062 | D:3      | Killed grizmgrazm2's ghost
  2062 | D:3      | Reached skill level 8 in Maces & Flails
  2120 | D:3      | Found a shadowy altar of Dithmenos.
  2120 | D:3      | Noticed Grinder
  2143 | D:3      | Killed Grinder
  2143 | D:3      | Reached skill level 9 in Maces & Flails
  2143 | D:3      | Reached XP level 6. HP: 48/51 MP: 5/5
  2437 | D:4      | Found a hide-covered altar of Uskayaw.
  2562 | D:4      | Reached XP level 7. HP: 38/57 MP: 6/6
  2802 | D:4      | Found a staircase to the Ecumenical Temple.
  2859 | D:5      | Entered Level 5 of the Dungeon
  2878 | D:5      | Reached skill level 10 in Maces & Flails
  2954 | D:5      | Reached *** piety under Trog
  2980 | D:5      | Found a glowing silver altar of Zin.
  3023 | D:5      | Noticed Eustachio
  3036 | D:5      | Killed Eustachio
  3043 | D:5      | Reached skill level 11 in Maces & Flails
  3666 | D:6      | Reached XP level 8. HP: 64/64 MP: 7/7
  3828 | D:6      | Reached skill level 12 in Maces & Flails
  3925 | D:6      | Noticed Pikel
  3940 | D:6      | Killed Pikel
  3940 | D:6      | Reached skill level 13 in Maces & Flails
  3977 | D:6      | Reached XP level 9. HP: 15/70 MP: 8/8
  4412 | D:6      | Reached skill level 14 in Maces & Flails
  4480 | D:6      | Found an ancient bone altar of Kikubaaqudgha.
  4482 | D:6      | Found a hazy altar of Hepliaklqana.
  4566 | D:6      | Reached **** piety under Trog
  4883 | D:6      | Reached skill level 15 in Maces & Flails
  4994 | D:6      | Noticed a manticore
  4999 | D:6      | Slain by a manticore

Vault maps used:
D:1:      dpeg_arrival_lava_temple_mockup, minmay_misc_feat_encased
D:3:      lemuel_round_altar, bloody_makhleb, nrook_mini_backslash,
          nicolae_qazlal_style_of_elements, uniq_grinder
D:4:      eat_drink_and_be_merry_uskayaw, minmay_temple_entry_fiery, first_bread
D:5:      zin_academy, minmay_misc_feat_chi, uniq_eustachio
D:6:      kennysheep_windowed_halls, minitemple, uniq_pikel

Skill      XL: |  1  2  3  4  5  6  7  8  9 |
---------------+----------------------------+-----
Maces & Flails | 4 5 6 9 11 13 15 | 15.2
Fighting       | |  3.6
Armour         | |  2.4
Dodging        | |  2.1

Action                   |  1- 3 |  4- 6 |  7- 9 || total
-------------------------+-------+-------+-------++-------
Melee: Mace              |    50 |    57 |       ||   107
       Headbutt          |    11 |    20 |    44 ||    75
       Flail             |       |    72 |    19 ||    91
       Morningstar       |       |       |   194 ||   194
Invok: Trog's Hand       |       |     4 |     1 ||     5
       Berserk           |       |     2 |     1 ||     3
  Use: Scroll            |     2 |     6 |     5 ||    13
       Potion            |       |       |     1 ||     1
  Eat: Chunk             |       |     8 |     9 ||    17
Armor: Animal skin       |     4 |       |       ||     4
       Ring mail         |    21 |    42 |       ||    63
       Chain mail        |       |     8 |    85 ||    93
       Plate armour      |       |       |    48 ||    48
Dodge: Dodged            |    45 |    69 |    63 ||   177
Block: Buckler           |       |       |    28 ||    28

Table legend:
 A = Spawn XP
 B = Non-spawn XP
 C = Spawn XP percentage of total XP
 D = Spawn monster count
 E = Non-spawn monster count
 F = Spawn count percentage of total count
 G = Total turns spent on level
                    A         B        C        D         E        F      G
               +---------+---------+-------+---------+---------+-------+---------
         Total |       0 |    4175 |   0.0 |       0 |     142 |   0.0 |  4999
               +---------+---------+-------+---------+---------+-------+---------
           D:1 |       0 |      40 |   0.0 |       0 |      20 |   0.0 |   824
           D:2 |       0 |     143 |   0.0 |       0 |      30 |   0.0 |   897
           D:3 |       0 |     499 |   0.0 |       0 |      18 |   0.0 |   672
           D:4 |       0 |     127 |   0.0 |       0 |       9 |   0.0 |   466
           D:5 |       0 |     571 |   0.0 |       0 |      21 |   0.0 |   749
           D:6 |       0 |    2795 |   0.0 |       0 |      44 |   0.0 |  1391
               +---------+---------+-------+---------+---------+-------+---------
